 Dungeon Crawl Stone Soup version 0.24.0-41-g2ae2f7f1be (webtiles) character file.

Game seed: 5120323520302894123, levelgen mode: deterministic

789568 mortelune the Sorcerer (level 27, -2/175 HPs)
             Began as a Deep Elf Fire Elementalist on Dec 13, 2019.
             Was the Champion of Vehumet.
             Killed from afar by an orb of fire (33 damage)
             ... with a bolt of fire
             ... on level 5 of the Realm of Zot on Dec 14, 2019.
             The game lasted 08:51:03 (139547 turns).

mortelune the Sorcerer (DEFE)                     Turns: 139547, Time: 08:51:03

Health: -2/175     AC: 27    Str: 10    XL:     27
Magic:  17/53      EV: 25    Int: 35    God:    Vehumet [******]
Gold:   1361       SH:  0    Dex: 17    Spells: 3/74 levels left

rFire    + + +     SeeInvis +   b - +8 lajatang of Xahoja {slice, MR+ Int+6}
rCold    + . .     Gourm    .   (shield currently unavailable)
rNeg     + + +     Faith    .   k - +8 fire dragon scales
rPois    +         Spirit   .   V - +0 mask of the Dragon {MR+ Slay+3 SInv}
rElec    +         Reflect  .   E - +4 dragonskin cloak
rCorr    .         Harm     .   M - +4 pair of gloves of the Great Game {rPois rF- rN++}
MR       ++++.                  F - +2 pair of boots
Stlth    +.........             U - amulet of Vitality {Regen+ HP+15}
HPRegen  0.79/turn              f - +6 ring of evasion
MPRegen  0.33/turn              J - ring "Ejodoha" {rPois rF+ rC+ Slay+3}

@: corroded, studying Translocations
A: antennae 1, agile 1, blink, deformed body, frail 1
}: 4/15 runes: decaying, serpentine, slimy, silver
a: Blink, Renounce Religion


You were on level 5 of the Realm of Zot.
You worshipped Vehumet.
Vehumet was exalted by your worship.
You were very hungry.

You visited 11 branches of the dungeon, and saw 57 of its levels.
You visited 1 bazaar.
You visited 1 ziggurat, and saw 10 of its levels.
You also visited: Trove, Gauntlet, Volcano and Desolation.

You collected 9759 gold pieces.
You spent 8398 gold pieces at shops.

Inventory:

Hand Weapons
 b - the +8 lajatang of Xahoja (weapon) {slice, MR+ Int+6}
   (You bought it in a shop on level 2 of the Orcish Mines)

   It inflicts extra damage upon your enemies.
   It affects your intelligence (+6).
   It affects your resistance to hostile enchantments.
Missiles
 u - 1372 stones (quivered)
Armour
 j - the +0 cloak of Subjectivity {Int+5}
   (You found it on level 2 of the Vaults)

   It affects your intelligence (+5).
 k - +8 fire dragon scales (worn)
 q - the +2 robe of a Labyrinth {rElec rC+}
   (You took it off a boggart on level 1 of the Vaults)

   It protects you from cold.
   It insulates you from electricity.
 w - the +2 hat of Activism {rPois rF+}
   (You found it on level 1 of the Depths)

   It protects you from fire.
   It protects you from poison.
 E - the +4 dragonskin cloak (worn)
   (You took it off Tiamat on level 5 of the Realm of Zot)
 F - a +2 pair of boots (worn)
 M - the +4 pair of gloves of the Great Game (worn) {rPois rF- rN++}
   (You found it in a Gauntlet)

   It makes you vulnerable to fire.
   It protects you from poison.
   It greatly protects you from negative energy.
 V - the +0 mask of the Dragon (worn) {MR+ Slay+3 SInv}
   (You found it on level 7 of a ziggurat)

   It affects your accuracy and damage with ranged weapons and melee attacks
   (+3).
   It affects your resistance to hostile enchantments.
   It lets you see invisible.
Magical Staves
 a - an uncursed staff of air
 Y - an uncursed staff of energy
Jewellery
 f - a +6 ring of evasion (left hand)
 h - the ring "Woejil" {MR++ Str+6}
   (You found it in the Desolation of Salt)

   [ring of strength]

   It affects your strength (+6).
   It affects your resistance to hostile enchantments.
 i - the ring "Ratamy" {+Inv Int+3 Stlth+}
   (You found it on level 3 of the Swamp)

   [ring of stealth]

   It affects your intelligence (+3).
   It lets you turn invisible.
   It makes you more stealthy.
 t - the amulet "Mukoikalyf" {Gourm MR+ Int+3}
   (You found it in a treasure trove)

   [amulet of the gourmand]

   It allows you to eat raw meat even when not hungry.
   It affects your intelligence (+3).
   It affects your resistance to hostile enchantments.
 B - an uncursed ring of flight
 I - an uncursed amulet of the acrobat
 J - the ring "Ejodoha" (right hand) {rPois rF+ rC+ Slay+3}
   (You bought it in a shop on level 2 of the Snake Pit)

   [ring of protection from cold]

   It affects your accuracy and damage with ranged weapons and melee attacks
   (+3).
   It protects you from fire.
   It protects you from cold.
   It protects you from poison.
 P - the ring of Edares {rPois MP+9 Str+5}
   (You found it on level 3 of the Crypt)

   [ring of magical power]

   It affects your strength (+5).
   It protects you from poison.
   It affects your magic capacity (+9).
 S - an uncursed ring of see invisible
 U - the amulet of Vitality (around neck) {Regen+ HP+15}
   (You bought it in a shop on level 2 of the Snake Pit)

   [amulet of regeneration]

   It affects your health (+15).
   It increases your rate of regeneration.
 W - the ring of Morchuiv {rN+ MR+ AC+5 Int-3}
   (You found it in the Desolation of Salt)

   [ring of protection]

   It affects your AC (+5).
   It affects your intelligence (-3).
   It protects you from negative energy.
   It affects your resistance to hostile enchantments.
 X - the ring of the Suburbs {rCorr Int+2}
   (You found it on level 2 of the Vaults)

   [ring of resist corrosion]

   It affects your intelligence (+2).
   It provides partial protection from all sources of acid and corrosion.
Wands
 K - a wand of clouds (4)
 L - a wand of acid (41)
 O - a wand of digging (3)
 T - a wand of scattershot (3)
Scrolls
 d - 28 scrolls of remove curse
 g - 7 scrolls of fear
 l - 4 scrolls of holy word
 m - 11 scrolls of teleportation
 p - 6 scrolls of enchant armour
 r - 4 scrolls of amnesia
 x - 5 scrolls of immolation
 N - 2 scrolls of fog
 Z - 3 scrolls of blinking
Potions
 e - 6 potions of cancellation
 n - 5 potions of might
 o - 3 potions of flight
 s - 5 potions of brilliance
 v - a potion of invisibility
 z - 3 potions of agility
 A - 5 potions of mutation
 C - 2 potions of haste
 D - 27 potions of curing
 H - a potion of magic
 Q - a potion of berserk rage
Books
 R - a manual of Translocations
Miscellaneous
 y - a phantom mirror
Comestibles
 c - 21 rations


   Skills:
 + Level 19.7 Fighting
   Level 6.8 Short Blades
 - Level 14.0 Staves
 - Level 13.9 Armour
 + Level 22.1 Dodging
 - Level 2.4 Stealth
 - Level 24.2 Spellcasting
 - Level 15.1 Conjurations
 - Level 2.0 Summonings
 - Level 15.6 Necromancy
 - Level 21.8 Fire Magic
 * Level 23.9 Air Magic
   Level 5.0 Earth Magic


You had 3 spell levels left.
You knew the following spells:

 Your Spells              Type           Power        Failure   Level  Hunger
a - Chain Lightning       Conj/Air       ########..   1%          8    None
b - Throw Flame           Conj/Fire      ######       0%          2    None
c - Conjure Flame         Conj/Fire      ########     0%          3    None
d - Sticky Flame          Conj/Fire      ########     0%          4    None
e - Sublimation of Blood  Necr           ########..   0%          2    None
f - Fireball              Conj/Fire      ########..   1%          5    None
g - Conjure Ball Lightni  Conj/Air       ########..   1%          6    None
h - Deflect Missiles      Chrm/Air       #######...   3%          6    None
i - Mephitic Cloud        Conj/Pois/Air  #######.     1%          3    None
j - Regeneration          Chrm/Necr      #######...   1%          3    None
k - Summon Butterflies    Summ           ######..     1%          1    None
q - Blink                 Tloc           N/A          4%          2    None
s - Summon Lightning Spi  Summ/Air       #######.     1%          4    None
w - Orb of Destruction    Conj           #######...   1%          7    None
x - Tornado               Air            ########..   4%          9    ####...
z - Bolt of Fire          Conj/Fire      ########..   1%          6    None

Your spell library contained the following spells:

 Spells                   Type           Power        Failure   Level  Hunger
 Lehudib's Crystal Spear  Conj/Erth      #######...   58%         8    None
 Shatter                  Erth           ######....   100%        9    ####...
 Animate Skeleton         Necr           N/A          0%          1    None
 Flame Tongue             Conj/Fire      #####        0%          1    None
 Magic Dart               Conj           ####         0%          1    None
 Pain                     Necr           ####         0%          1    None
 Shock                    Conj/Air       ####         0%          1    None
 Corpse Rot               Necr           N/A          0%          2    None
 Searing Ray              Conj           ######       0%          2    None
 Static Discharge         Conj/Air       ########     0%          3    None
 Vampiric Draining        Necr           ########..   0%          3    None
 Freeze                   Ice            ####         1%          1    None
 Sandblast                Erth           ######       1%          1    None
 Sting                    Conj/Pois      ####         1%          1    None
 Summon Small Mammal      Summ           ####         1%          1    None
 Call Imp                 Summ           ######..     1%          2    None
 Passwall                 Tmut/Erth      ######..     1%          2    None
 Poisonous Vapours        Pois/Air       ######       1%          2    None
 Swiftness                Chrm/Air       #######.     1%          2    None
 Throw Frost              Conj/Ice       ######       1%          2    None
 Dazzling Spray           Conj/Hex       ######       1%          3    None
 Ignite Poison            Fire/Tmut/Pois #######.     1%          3    None
 Inner Flame              Hex/Fire       #######.     1%          3    None
 Stone Arrow              Conj/Erth      ######       1%          3    None
 Apportation              Tloc           #####.       3%          1    None
 Beastly Appendage        Tmut           #####.       3%          1    None
 Confusing Touch          Hex            #####.       3%          1    None
 Corona                   Hex            #####..      3%          1    None
 Infusion                 Chrm           ####         3%          1    None
 Ensorcelled Hibernation  Hex/Ice        #####.       4%          2    None
 Shroud of Golubria       Chrm/Tloc      #####.       4%          2    None
 Slow                     Hex            #####...     4%          2    None
 Song of Slaying          Chrm           #####...     4%          2    None
 Call Canine Familiar     Summ           ######..     4%          3    None
 Recall                   Summ/Tloc      N/A          6%          3    None
 Summon Guardian Golem    Hex/Summ       #####...     6%          3    None
 Confuse                  Hex            #####...     9%          3    None
 Gell's Gravitas          Tloc           #####.....   9%          3    None
 Lesser Beckoning         Tloc           #####.....   9%          3    None
 Ozocubu's Armour         Chrm/Ice       #####...     9%          3    None
 Portal Projectile        Hex/Tloc       #####.       9%          3    None
 Spectral Weapon          Hex/Chrm       #####...     9%          3    None
 Teleport Other           Tloc           #####...     9%          3    None
 Tukima's Dance           Hex            #####...     9%          3    None
 Airstrike                Air            ########..   0%          4    None
 Animate Dead             Necr           N/A          1%          4    None
 Force Lance              Conj/Tloc      #######.     1%          4    None
 Fulminant Prism          Conj/Hex       #######...   1%          4    None
 Iskenderun's Mystic Bla  Conj           #######.     1%          4    None
 Throw Icicle             Conj/Ice       #######.     1%          4    None
 Agony                    Necr           ########     1%          5    None
 Bolt of Magma            Conj/Fire/Erth #######...   1%          5    None
 Irradiate                Conj/Tmut      #######...   1%          5    None
 Iskenderun's Battlesphe  Conj/Chrm      #######.     1%          5    None
 Lightning Bolt           Conj/Air       ########..   1%          5    None
 Silence                  Hex/Air        #######...   1%          5    None
 Venom Bolt               Conj/Pois      #######...   1%          5    None
 Death Channel            Necr           ########..   1%          6    None
 Freezing Cloud           Conj/Ice/Air   #######...   1%          6    None
 Ignition                 Fire           ########..   1%          8    None
 Iron Shot                Conj/Erth      #######...   2%          6    None
 Excruciating Wounds      Chrm/Necr      #######...   3%          5    None
 Lee's Rapid Deconstruct  Erth           ######....   3%          5    None
 Bolt of Cold             Conj/Ice       #######...   5%          6    None
 Olgreb's Toxic Radiance  Pois           #####...     9%          4    None
 Leda's Liquefaction      Hex/Erth       ######....   11%         4    None
 Petrify                  Tmut/Erth      ######..     11%         4    None
 Simulacrum               Ice/Necr       #######...   19%         6    None
 Spellforged Servitor     Conj/Summ      #######...   19%         7    None
 Summon Ice Beast         Ice/Summ       #####...     21%         4    None
 Yara's Violent Unravell  Hex/Tmut       #####.....   21%         5    None
 Ring of Flames           Chrm/Fire      #######...   28%         7    None
 Cause Fear               Hex            #####.....   30%         4    None
 Ice Form                 Ice/Tmut       #####...     30%         4    None
 Passage of Golubria      Tloc           N/A          30%         4    None
 Borgnjor's Revivificati  Necr           ########..   32%         8    None
 Infestation              Necr           ########..   32%         8    None
 Aura of Abjuration       Summ           ######....   36%         5    None
 Summon Demon             Summ           ######....   36%         5    None
 Summon Forest            Summ/Tloc      #####.....   50%         5    None
 Summon Mana Viper        Hex/Summ       #####...     50%         5    None
 Haunt                    Necr/Summ      #######...   56%         7    None
 Alistair's Intoxication  Tmut/Pois      #####...     63%         5    None
 Metabolic Englaciation   Hex/Ice        #####.....   63%         5    None
 Ozocubu's Refrigeration  Ice            #####.....   71%         6    None
 Statue Form              Tmut/Erth      ######...    86%         6    None
 Shadow Creatures         Summ           N/A          90%         6    None
 Darkness                 Hex            #####.....   99%         6    None
 Dispersal                Tloc           #####.....   99%         6    None
 Hydra Form               Tmut           #####.....   99%         6    None
 Invisibility             Hex            #####...     99%         6    None
 Dragon Form              Tmut           #####.....   100%        7    None
 Malign Gateway           Summ/Tloc      #####.....   100%        7    None
 Monstrous Menagerie      Summ           ######....   100%        7    None
 Summon Greater Demon     Summ           ######....   100%        7    None
 Summon Hydra             Summ           ######....   100%        7    None
 Death's Door             Chrm/Necr      #######...   100%        8    None
 Discord                  Hex            #####.....   100%        8    None
 Disjunction              Tloc           #####.....   100%        8    None
 Necromutation            Tmut/Necr      #######...   100%        8    None
 Summon Horrible Things   Summ           ######....   100%        8    None


Dungeon Overview and Level Annotations

Branches:
Dungeon (15/15)            Temple (0/1) D:6            Lair (6/6) D:8
  Swamp (4/4) Lair:4        Snake (4/4) Lair:4        Slime (5/5) Lair:5
    Orc (2/2) D:11            Elf (3/3) Orc:2        Vaults (5/5) D:13
  Crypt (3/3) Vaults:3       Tomb (0/3) Crypt:3      Depths (5/5) D:15
    Zot (5/5) Depths:5    Volcano (visited)         Desolation (visited)
Gauntlet (visited)

Altars:
Ashenzari
Cheibriados
Dithmenos
Elyvilon
Fedhas
Hepliaklqana
Kikubaaqudgha
Nemelex Xobeh
Sif Muna
Trog
Vehumet
The Shining One
Beogh
Jiyva

Shops:
Orc:1 }   Orc:2 ((:   Elf:3 [   Snake:1 (   Snake:2 =}=   Vaults:1 [(

Portals:
Hell: Depths:1 Depths:2 Depths:3 Depths:4 Depths:5
Abyss: Depths:3 Depths:4
Pandemonium: Depths:3 Depths:5

Annotations:
Snake:1 3 runed translucent doors
Zot:5 exclusion: obsidian statue


Innate Abilities, Weirdness & Mutations

You have a pair of small antennae on your head.
You are agile. (Dex +2)
You can translocate small distances at will.
Armour fits poorly on your strangely shaped body.
You are frail. (-10% HP)


Message History

The crystal spear hits you!!!!
Ouch! That really hurt!
* * * LOW HITPOINT WARNING * * *
Casting: Chain Lightning (safe; 1% risk of failure)
Confirm with . or Enter, or press ? or * to list all spells.
You hear a mighty clap of thunder!
The lightning arc hits the ancient lich!
The ancient lich resists.
You destroy the ancient lich!
Vehumet accepts your kill.
You feel your power returning. The lightning arc hits you.
* * * LOW HITPOINT WARNING * * *
The lightning arc grounds out.
You hear a chilling moan.
Really walk into that permanent teleport trap?
You enter a permanent teleport trap!
Your surroundings suddenly seem different.
The orb of fire glows yellow.
The bolt of fire hits you!! You resist.
You die...

##...#######
###############▓ #####
..............# #....
............... *#...
......^....^... #...
............... ##..
............... #..
[.............. ##..
.......@..^.... #...
............... ##...
,,,..........(.... ##....
*,,......^.......^
###...##
*,........X.*.*.^##[^..##
*.^.................###
*▓.....##▓▓▓▓▓▓▓▓▓▓▓#
**......,,§§,§f,,*
**,,§§,,,p,z,§§f,^,z,


You could see 2 orbs of fire and an Orb Guardian.

Vanquished Creatures
  the Royal Jelly (Slime:5)
  Tiamat (Zot:5)
  An orb of fire (Zot:5)
  A juggernaut (Zig:10)
  10 ancient liches
  Boris (4 times) (Vaults:2 Vaults:4 Depths:2 Crypt:3)
  Bai Suzhen (Snake:2)
  7 Killer Klowns
  2 shard shrikes (Zot:3)
  the Lernaean hydra (Swamp:4)
  Margery (Depths:2)
  Saint Roka (Snake:3)
  3 curse toes
  Vashnia (Snake:3)
  15 golden dragons
  A bone dragon (Zig:9)
  A Tzitzimitl (Zig:9)
  A doom hound (Zig:9)
  A shard shrike zombie (Crypt:1)
  3 electric golems
  7 liches
  Jorgrun (D:15)
  A Hell Sentinel (Zig:8)
  20 tentacled monstrosities
  An Ice Fiend (Zig:6)
  2 titans (Vaults:5)
  7 Orb Guardians (Zot:5)
  3 deep elf blademasters
  7 quicksilver dragons
  22 acid blobs
  3 deep elf master archers
  15 death cobs
  6 sphinxes
  6 ancient champions
  12 shadow dragons
  19 storm dragons
  7 draconian monks
  3 daevas (Depths:5)
  10 tengu reavers
  The ghost of Muihips the Spry, an adept SpFE of Dithmenos (Vaults:2)
  5 deep elf sorcerers
  3 revenants
  8 nagarajas
  Aizul (Snake:2)
  21 frost giants
  4 ghost moths
  7 fire giants
  15 azure jellies
  4 orc warlords
  3 draconian knights
  A ghost moth (shapeshifter) (Vaults:5)
  An iron dragon (Vaults:5)
  16 vault wardens
  9 draconian scorchers
  5 curse skulls
  Louise (Depths:4)
  5 draconian shifters
  4 draconian stormcallers
  9 ghouls
  4 deep elf elementalists (Elf:3)
  An angel (Depths:5)
  20 very ugly things
  6 reapers
  6 draconian annihilators
  15 ironheart preservers
  3 war gargoyles
  An entropy weaver (Vaults:4)
  25 stone giants
  9 vampire knights
  10 green draconians
  12 black draconians
  5 deep elf demonologists
  7 deep elf annihilators
  7 grey draconians (Zot:1)
  11 purple draconians
  18 white draconians
  15 yellow draconians
  A minotaur (Gauntlet)
  9 spark wasps
  The ghost of TheNamelessOne the Cleaver, a journeyman VSFi of Trog (Depths:1)
  13 red draconians
  5 eidola
  2 merfolk javelineers
  12 deep elf death magi
  5 crystal guardians (Desolation)
  2 merfolk impalers
  A blizzard demon (Zig:6)
  The ghost of Uluhu the Grappler, a journeyman TrFi of Uskayaw (D:10)
  7 deep elf high priests
  10 jiangshi
  10 death oozes
  11 fire dragons
  16 ettins
  8 ragged hierophants (Desolation)
  15 great orbs of eyes
  22 yaktaur captains
  3 servants of whispers (Desolation)
  4 rakshasas
  3 ghost crabs
  3 spriggan air magi
  2 shambling mangroves
  32 vault guards
  Fannar (Orc:1)
  16 ice dragons
  25 hydras
  16 naga warriors
  7 peacekeepers (Desolation)
  3 death knights
  18 anacondas
  24 dancing weapons
  5 tengu warriors
  20 ogre magi
  7 centaur warriors
  A queen ant (Gauntlet)
  11 alligators
  6 deep troll earth magi
  51 two-headed ogres
  3 deep troll shamans
  10 shock serpents
  An orc high priest (Elf:1)
  5 spriggan berserkers
  13 vampire magi
  7 death yaks
  Sonja (D:11)
  Nergalle (Lair:4)
  A storm dragon zombie (Depths:1)
  3 soul eaters
  14 naga sharpshooters
  23 deep elf knights
  36 skeletal warriors
  4 shadow wraiths
  12 hell knights
  3 salamander mystics
  A storm dragon skeleton (Vaults:3)
  8 naga ritualists
  3 unseen horrors
  An iron troll (Zig:10)
  An unseen horror (shapeshifter) (Vaults:3)
  14 swamp dragons
  A shadow demon (Zig:9)
  8 wizards
  4 spriggan druids
  12 deep elf archers
  2 flayed ghosts
  4 glowing orange brains
  13 deep trolls
  3 harpies (Vaults:4)
  Pikel (D:8)
  A wolf spider zombie (D:10)
  14 phantasmal warriors
  A shadow dragon zombie (Zig:9)
  A sphinx zombie (Zig:8)
  20 ironbrand convokers
  A lindwurm (Lair:6)
  12 necromancers
  A fire giant zombie (Depths:1)
  10 mana vipers
  15 orc knights
  A golden dragon skeleton (Depths:4)
  13 ugly things
  2 tengu skeletons
  A mana viper (shapeshifter) (Depths:3)
  A stone giant zombie (Zig:6)
  3 oklob plants (Lair:5)
  A draconian (Zot:1)
  11 orc sorcerers
  2 manticores
  4 wolf spiders
  5 shining eyes
  50 deep elf magi
  31 moths of wrath
  6 cyclopes
  A manticore (shapeshifter) (Vaults:5)
  15 salamanders
  A sphinx skeleton (Depths:4)
  A stone giant skeleton (Vaults:3)
  A frost giant skeleton (Zig:9)
  A water nymph (shapeshifter) (Vaults:3)
  An eye of devastation (shapeshifter) (Vaults:2)
  7 elephants
  2 guardian serpents (shapeshifter)
  11 guardian serpents
  Psyche (D:8)
  3 molten gargoyles
  49 black mambas
  3 rust devils (Zig:8)
  A spriggan zombie (Zig:9)
  17 vault sentinels
  3 eyes of devastation
  2 fire giant skeletons (Vaults:3)
  A spiny frog (shapeshifter) (Depths:4)
  29 naga magi
  A smoke demon (Depths:1)
  16 spiny frogs
  A hellion (Zig:8)
  2 rime drakes
  51 yaktaurs
  5 spectral swamp worms
  An alligator snapping turtle skeleton (Crypt:1)
  An efreet (D:13)
  2 ice devils (Zig:6)
  18 komodo dragons
  3 tormentors (Zig:8)
  13 freezing wraiths
  6 human skeletons
  5 tengu conjurers
  A hellwing (Depths:1)
  2 queen bees (shapeshifter)
  13 trolls
  14 tyrant leeches
  5 polar bears
  39 saltlings
  A tyrant leech (shapeshifter) (Vaults:4)
  Prince Ribbit (D:8)
  21 bog bodies
  9 hornets
  112 slime creatures
  25 blink frogs
  A tengu simulacrum (Vaults:1)
  An elf zombie (Zig:8)
  10 flying skulls
  An elf skeleton (Zig:6)
  6 hippogriffs
  2 centaur simulacra (D:10)
  A spriggan simulacrum (Depths:1)
  A spriggan (shapeshifter) (D:14)
  4 redbacks (Vaults:4)
  2 ettin skeletons (Vaults:3)
  An alligator skeleton (Crypt:2)
  An air elemental (Elf:1)
  32 yaks
  5 basilisks
  4 wyverns
  6 spriggans
  A ynoxinul (Gauntlet)
  4 shadows
  7 wraiths
  A golden eye (Slime:5)
  22 water elementals
  4 steam dragons
  8 fire bats
  A hog (shapeshifter) (Vaults:5)
  Grum (D:8)
  2 hungry ghosts
  A wind drake skeleton (Crypt:3)
  25 vampire mosquitoes
  7 wargs
  19 swamp worms
  22 insubstantial wisps
  36 nagas
  15 water moccasins
  6 hell hounds
  5 soldier ants
  4 acid dragons
  5 porcupines
  13 swamp drakes
  A two-headed ogre skeleton (Crypt:2)
  A spiny frog skeleton (Crypt:1)
  2 blink frog zombies (Crypt:2)
  51 orc warriors
  4 slaves (D:8)
  4 black bears
  6 ice beasts
  7 sky beasts
  5 eyes of draining
  10 necrophages
  39 ogres
  A phantom (D:8)
  2 black bears (shapeshifter)
  A hog zombie (Crypt:2)
  16 boggarts
  3 wolves (D:8)
  12 centaurs
  A centaur (shapeshifter) (Vaults:5)
  12 crocodiles
  An octopode zombie (Crypt:2)
  A wyvern zombie (D:11)
  2 gnoll sergeants
  A draconian zombie (Crypt:3)
  An elf simulacrum (Vaults:1)
  16 bullfrogs
  3 earth elementals
  A water moccasin zombie (D:11)
  2 wyvern skeletons
  3 scorpions
  11 wights
  9 howler monkeys
  A howler monkey (shapeshifter) (Vaults:5)
  6 electric eels
  A spectral bullfrog (D:10)
  5 lava snakes (Lair:6)
  7 crimson imps
  2 quasits
  4 centaur skeletons
  A soldier ant zombie (Crypt:2)
  8 hounds
  9 jellies
  39 orc wizards
  Crazy Yiuf (D:4)
  A bullfrog skeleton (D:12)
  24 orc priests
  3 gnoll shamans
  3 iron imps
  2 iguanas (D:9)
  8 worker ants
  A porcupine skeleton (Crypt:3)
  A big kobold zombie (Crypt:1)
  An acid dragon zombie (Crypt:1)
  A bullfrog simulacrum (D:10)
  An acid dragon skeleton (Crypt:3)
  A felid skeleton (Crypt:1)
  6 hound skeletons
  A mummy (Zig:6)
  A worker ant zombie (D:6)
  A howler monkey skeleton (D:4)
  24 adders
  43 gnolls
  2 shadow imps
  A steam dragon skeleton (Crypt:3)
  6 oozes
  2 adder skeletons (D:4)
  An adder zombie (Crypt:1)
  3 worms
  2 barachi skeletons
  A barachi zombie (Crypt:3)
  7 leopard geckos
  131 orcs
  A bat zombie (Crypt:3)
  7 giant cockroaches
  12 goblins
  11 hobgoblins
  30 jackals
  2 quokkas
  A river rat zombie (Crypt:2)
  5 ball pythons
  4 bats
  5 frilled lizards
  A goblin zombie (Crypt:1)
  A hobgoblin zombie (Crypt:1)
  8 kobolds
  A leopard gecko skeleton (D:4)
  A quokka skeleton (D:6)
  11 rats
  3 crawling corpses (Vaults:2)
  8 fungi
  8 plants
2853 creatures vanquished.

Vanquished Creatures (collateral kills)
  A lich (Vaults:5)
  A quicksilver dragon (Vaults:5)
  2 tengu reavers (Vaults:5)
  A sphinx (Vaults:3)
  An ancient champion (Crypt:3)
  4 vault wardens (Vaults:5)
  A fire giant (Vaults:5)
  A frost giant (Vaults:5)
  A halazid warlock (Desolation)
  A deep elf demonologist (Vaults:5)
  Erolcha (Orc:1)
  2 deep elf death magi (Vaults:5)
  A great orb of eyes (Vaults:3)
  A servant of whispers (Desolation)
  A ragged hierophant (Desolation)
  An ogre mage (D:15)
  A vault guard (Vaults:5)
  2 naga warriors
  A hydra (Swamp:4)
  2 two-headed ogres
  A naga sharpshooter (Snake:4)
  A ball lightning (Vaults:3)
  2 naga ritualists
  A death drake (shapeshifter) (Vaults:5)
  A flayed ghost (Crypt:3)
  A wizard (Vaults:1)
  A deep elf archer (Elf:1)
  A deep elf mage (Vaults:5)
  2 orc knights (Elf:1)
  2 mana vipers (Snake:1)
  3 ugly things
  2 wolf spiders
  4 black mambas
  A naga mage (Snake:1)
  A molten gargoyle (Lair:6)
  A vault sentinel (Vaults:5)
  A yaktaur (Vaults:3)
  13 saltlings
  2 slime creatures
  A wraith (Crypt:3)
  A yak (D:12)
  4 nagas
  3 orc warriors
  An ogre (D:15)
  An eye of draining (D:12)
  An elf simulacrum (Vaults:2)
  A crimson imp (D:15)
  An orc priest (Elf:1)
  2 iron imps
  3 orcs
87 creatures vanquished.

Vanquished Creatures (others)
  An ancient lich (Vaults:5)
  A two-headed ogre (Depths:2)
  346 ball lightnings
  A moth of wrath (Zot:3)
  An orc warrior (Vaults:5)
  2 centaurs (Volcano)
  An orc priest (Vaults:5)
  A bush (Lair:5)
  3 butterflies (Lair:5)
  17 fungi
  29 plants
403 creatures vanquished.

Grand Total: 3343 creatures vanquished

Notes
Turn   | Place    | Note
-------+----------+-------------------------------------------
     0 | D:1      | mortelune the Deep Elf Fire Elementalist began the quest
                  | for the Orb.
     0 | D:1      | Reached XP level 1. HP: 10/10 MP: 6/6
   698 | D:1      | Reached XP level 2. HP: 15/15 MP: 6/8
   702 | D:1      | Learned a level 2 spell: Throw Flame
  1956 | D:2      | Reached XP level 3. HP: 16/19 MP: 3/9
  2092 | D:2      | Found a hazy altar of Hepliaklqana.
  2665 | D:2      | Found a glowing golden altar of the Shining One.
  3152 | D:2      | Found a white marble altar of Elyvilon.
  3152 | D:2      | Found a shadowy altar of Dithmenos.
  3566 | D:2      | Learned a level 3 spell: Conjure Flame
  3614 | D:3      | Reached XP level 4. HP: 21/24 MP: 11/11
  3644 | D:3      | Found a radiant altar of Vehumet.
  3700 | D:3      | Became a worshipper of Vehumet
  3934 | D:3      | Learned a level 4 spell: Sticky Flame
  4289 | D:3      | Reached XP level 5. HP: 22/28 MP: 12/12
  4600 | D:3      | Reached skill level 4 in Spellcasting
  4734 | D:3      | Reached skill level 5 in Fire Magic
  5099 | D:4      | Reached * piety under Vehumet
  5099 | D:4      | Offered knowledge of Sandblast by Vehumet.
  5279 | D:4      | Reached XP level 6. HP: 32/32 MP: 14/14
  5282 | D:4      | Learned a level 1 spell: Sandblast
  5683 | D:4      | Found a snail-covered altar of Cheibriados.
  6427 | D:4      | Reached XP level 7. HP: 36/36 MP: 16/16
  7272 | D:4      | Offered knowledge of Throw Frost by Vehumet.
  7599 | D:4      | Found a runed translucent door.
  7600 | D:4      | Noticed Crazy Yiuf
  7608 | D:4      | Killed Crazy Yiuf
  7608 | D:4      | Reached skill level 5 in Spellcasting
  7608 | D:4      | Reached skill level 5 in Conjurations
  7691 | D:5      | Entered Level 5 of the Dungeon
  7728 | D:5      | Reached ** piety under Vehumet
  7865 | D:5      | Learned a level 5 spell: Fireball
  8724 | D:5      | Offered knowledge of Static Discharge by Vehumet.
  9308 | D:5      | Reached *** piety under Vehumet
  9480 | D:5      | Reached XP level 8. HP: 41/41 MP: 10/18
  9483 | D:5      | Reached skill level 5 in Dodging
  9556 | D:4      | Offered knowledge of Throw Icicle by Vehumet.
 10182 | D:6      | Reached skill level 6 in Spellcasting
 10515 | D:6      | Found a staircase to the Ecumenical Temple.
 10635 | D:6      | Reached **** piety under Vehumet
 10890 | D:6      | Found a blossoming altar of Fedhas.
 10890 | D:6      | Found a bloodstained altar of Trog.
 11036 | D:6      | Noticed a cyclops
 11062 | D:6      | Killed a cyclops
 11062 | D:6      | Reached XP level 9. HP: 43/45 MP: 15/21
 11251 | D:6      | Offered knowledge of Ignite Poison by Vehumet.
 11263 | D:6      | Reached skill level 7 in Spellcasting
 11499 | D:6      | Found a sparkling altar of Nemelex Xobeh.
 11826 | D:7      | You fall into a shaft and drop 1 floor!
 11859 | D:8      | Reached skill level 1 in Fighting
 11878 | D:8      | Noticed Psyche
 12040 | D:8      | Noticed Grum
 12058 | D:8      | Killed Grum
 12415 | D:8      | Killed Psyche
 12701 | D:8      | Reached XP level 10. HP: 53/53 MP: 22/22
 12998 | D:7      | Reached skill level 10 in Fire Magic
 13343 | D:8      | Noticed Pikel
 13455 | D:8      | Killed Pikel
 13641 | D:8      | Found a staircase to the Lair.
 13647 | D:8      | Noticed Prince Ribbit
 13650 | D:8      | Killed Prince Ribbit
 13964 | D:8      | Reached skill level 10 in Conjurations
 14479 | D:7      | Found a shimmering blue altar of Sif Muna.
 16302 | D:9      | Reached XP level 11. HP: 47/60 MP: 20/23
 16492 | D:10     | Entered Level 10 of the Dungeon
 16556 | D:10     | Found a hazy altar of Hepliaklqana.
 16846 | D:10     | Found a runed translucent gate.
 16846 | D:10     | Found a runed translucent gate.
 16846 | D:10     | Found a runed translucent gate.
 16850 | D:10     | Noticed Uluhu's ghost (journeyman TrFi)
 16900 | D:10     | Reached ***** piety under Vehumet
 16900 | D:10     | Offered knowledge of Iskenderun's Mystic Blast by Vehumet.
 17032 | D:10     | Paralysed by fainting for 12 turns
 18198 | D:9      | Learned a level 4 spell: Iskenderun's Mystic Blast
 18252 | Lair:1   | Entered Level 1 of the Lair of Beasts
 18297 | Lair:1   | Reached skill level 1 in Earth Magic
 18335 | Lair:1   | Found a dark tunnel.
 18340 | Volcano  | Entered a volcano
 20778 | Lair:1   | Reached skill level 5 in Earth Magic
 20779 | Lair:1   | Reached skill level 5 in Fighting
 21842 | Lair:2   | Reached XP level 12. HP: 68/68 MP: 25/25
 22239 | Lair:2   | Reached skill level 10 in Dodging
 22239 | Lair:2   | Reached skill level 8 in Spellcasting
 22656 | Lair:3   | Learned a level 2 spell: Blink
 24131 | Lair:4   | Noticed an eight-headed hydra
 24131 | Lair:4   | Noticed a death yak
 24132 | Lair:4   | Noticed a death yak
 24132 | Lair:4   | Noticed a death yak
 24133 | Lair:4   | Noticed a death yak
 24270 | Lair:4   | Killed a death yak
 24270 | Lair:4   | Reached skill level 9 in Spellcasting
 24270 | Lair:4   | Killed a death yak
 24272 | Lair:4   | Killed a death yak
 24274 | Lair:4   | Killed an eight-headed hydra
 24277 | Lair:4   | Killed a death yak
 24289 | Lair:3   | Offered knowledge of Bolt of Cold by Vehumet.
 24449 | Lair:4   | Noticed Nergalle
 24449 | Lair:4   | Noticed a six-headed hydra
 24453 | Lair:4   | Killed Nergalle
 24453 | Lair:4   | Killed a six-headed hydra
 24453 | Lair:4   | Reached skill level 10 in Spellcasting
 25173 | Lair:4   | Found a staircase to the Snake Pit.
 25411 | Lair:4   | Reached XP level 13. HP: 76/76 MP: 25/29
 25489 | Lair:4   | Found a staircase to the Swamp.
 27002 | Lair:5   | Reached skill level 11 in Spellcasting
 27204 | Lair:5   | Found a staircase to the Slime Pits.
 27538 | Lair:5   | Identified the Incunabulum of the Barracuda
 27900 | Lair:5   | Offered knowledge of Lee's Rapid Deconstruction by Vehumet.
 28096 | Lair:5   | Learned a level 6 spell: Bolt of Fire
 28102 | Lair:5   | Learned a level 3 spell: Mephitic Cloud
 28315 | D:4      | Got an ichor-stained dagger
 28316 | D:4      | Identified the +8 dagger "Elf's Peril" {pierce, rC+} (You
                  | found it on level 4 of the Dungeon)
 28522 | Lair:6   | Entered Level 6 of the Lair of Beasts
 28546 | Lair:5   | Reached skill level 1 in Short Blades
 28546 | Lair:5   | Reached skill level 1 in Air Magic
 29525 | Lair:6   | Noticed a death ooze
 29527 | Lair:6   | Killed an azure jelly
 29529 | Lair:6   | Killed a death ooze
 29529 | Lair:6   | Noticed a death ooze
 29531 | Lair:6   | Noticed an azure jelly
 29532 | Lair:6   | Killed a death ooze
 29542 | Lair:6   | Killed an azure jelly
 29749 | Lair:6   | Reached XP level 14. HP: 84/84 MP: 24/31
 29970 | Lair:6   | Found a viscous altar of Jiyva.
 30626 | Lair:6   | Learned a level 4 spell: Summon Lightning Spire
 31622 | Lair:6   | Found a large runed translucent door.
 31623 | Lair:6   | Found a large runed translucent door.
 32687 | D:11     | Reached skill level 5 in Air Magic
 32790 | D:11     | Found a staircase to the Orcish Mines.
 32831 | D:11     | Reached skill level 5 in Short Blades
 33148 | D:11     | Noticed Sonja
 33151 | D:11     | Killed Sonja
 33151 | D:11     | Offered knowledge of Lightning Bolt by Vehumet.
 33566 | Orc:1    | Entered Level 1 of the Orcish Mines
 33572 | Orc:1    | Noticed Erolcha
 33574 | Orc:1    | Killed Erolcha
 34130 | Orc:1    | Noticed Fannar
 34134 | Orc:1    | Killed Fannar
 34443 | Orc:1    | Found Lalurrul's Gadget Boutique.
 34451 | Orc:1    | Bought a phantom mirror for 390 gold pieces
 34620 | Orc:2    | Entered Level 2 of the Orcish Mines
 35096 | Orc:2    | Found Wuobrele's Magic Scroll Shoppe.
 35104 | Orc:2    | Found Muageum's Antique Weapon Emporium.
 35218 | Orc:2    | Found a radiant altar of Vehumet.
 35280 | Orc:2    | Found Urriv's Antique Weapon Emporium.
 35364 | Orc:2    | Found an ancient bone altar of Kikubaaqudgha.
 35375 | Orc:2    | Found a roughly hewn altar of Beogh.
 35390 | Orc:2    | Learned a level 5 spell: Lightning Bolt
 35463 | Orc:2    | Found Ekadadghont's Book Shoppe.
 35649 | Orc:2    | Found a staircase to the Elven Halls.
 35770 | Orc:2    | Found a roughly hewn altar of Beogh.
 36122 | Orc:2    | Bought a translucent lajatang for 540 gold pieces
 36122 | Orc:2    | Identified the +8 lajatang of Xahoja {slice, MR+ Int+6}
                  | (You bought it in a shop on level 2 of the Orcish Mines)
 36796 | D:12     | Reached skill level 1 in Staves
 36944 | D:11     | Offered knowledge of Freezing Cloud by Vehumet.
 37837 | D:12     | Reached XP level 15. HP: 89/89 MP: 16/32
 38656 | D:13     | Found a blossoming altar of Fedhas.
 38684 | D:13     | Reached skill level 12 in Spellcasting
 38997 | D:13     | Found a gate to the Vaults.
 39998 | D:14     | Reached ****** piety under Vehumet
 40006 | D:14     | Offered knowledge of Spellforged Servitor by Vehumet.
 41012 | D:15     | Entered Level 15 of the Dungeon
 41028 | D:15     | Got a translucent scythe
 41029 | D:15     | Identified the +12 scythe of Fiapn {holy, Fragile +Rage
                  | +Inv Stlth+} (You found it on level 15 of the Dungeon)
 41032 | D:15     | Noticed Jorgrun
 41040 | D:15     | Killed Jorgrun
 41106 | D:15     | Found a gate leading to a gauntlet.
 41123 | Gauntlet | Entered a Gauntlet
 41123 | Gauntlet | Found a transporter.
 41123 | Gauntlet | Found a transporter.
 41308 | Gauntlet | Found a transporter.
 41308 | Gauntlet | Found a transporter.
 41321 | Gauntlet | Found a transporter.
 41330 | Gauntlet | Found a transporter.
 41340 | Gauntlet | Found a transporter.
 41340 | Gauntlet | Found a transporter.
 41343 | Gauntlet | Found a transporter.
 41370 | Gauntlet | Found a transporter.
 41377 | Gauntlet | Found a transporter.
 41395 | Gauntlet | Found a transporter.
 41440 | Gauntlet | Found a transporter.
 41454 | Gauntlet | Found a transporter.
 41557 | Gauntlet | Found a transporter.
 41571 | Gauntlet | Found a transporter.
 41997 | Gauntlet | Got a pair of ichor-stained boots
 42008 | Gauntlet | Identified the cursed +0 pair of boots "Lob Ycwo" {*Corrode
                  | Dex+3 Stlth+} (You found it in a Gauntlet)
 42251 | Gauntlet | Got a pair of faintly glowing gloves
 42262 | Gauntlet | Identified the +4 pair of gloves of the Great Game {rPois
                  | rF- rN++} (You found it in a Gauntlet)
 42697 | D:15     | Reached skill level 5 in Staves
 43546 | D:15     | Found a staircase to the Depths.
 44195 | Swamp:1  | Entered Level 1 of the Swamp
 45588 | Swamp:2  | Reached skill level 1 in Armour
 45606 | Swamp:2  | Offered knowledge of Ozocubu's Refrigeration by Vehumet.
 45871 | Swamp:2  | Reached XP level 16. HP: 77/96 MP: 15/34
 47719 | Swamp:3  | Offered knowledge of Lehudib's Crystal Spear by Vehumet.
 47719 | Swamp:3  | Offered knowledge of Shatter by Vehumet.
 47719 | Swamp:3  | Offered knowledge of Chain Lightning by Vehumet.
 47768 | Swamp:3  | Reached skill level 10 in Fighting
 47865 | Swamp:3  | Got a crude marble ring
 47907 | Swamp:3  | Identified the ring "Ratamy" {+Inv Int+3 Stlth+} (You found
                  | it on level 3 of the Swamp)
 48149 | Swamp:4  | Entered Level 4 of the Swamp
 49907 | Swamp:4  | Reached skill level 10 in Staves
 50723 | Swamp:4  | Identified the +2 scale mail "Ejiujaq" {rN+ rCorr Int+4}
                  | (You found it on level 4 of the Swamp)
 50800 | Swamp:4  | Noticed the 27-headed Lernaean hydra
 50813 | Swamp:4  | Killed the 27-headed Lernaean hydra
 50813 | Swamp:4  | Reached skill level 5 in Armour
 51086 | Swamp:4  | Got a decaying rune of Zot
 51436 | Snake:1  | Entered Level 1 of the Snake Pit
 51521 | Snake:1  | Reached XP level 17. HP: 95/103 MP: 19/35
 53135 | Snake:1  | Found a runed translucent gate.
 53135 | Snake:1  | Found a runed translucent gate.
 53135 | Snake:1  | Found a runed translucent gate.
 53243 | Snake:1  | Found Taukar's Weapon Shop.
 54238 | Snake:2  | Found Sapni's Jewellery Shop.
 54239 | Snake:2  | Found Wolokh's Gadget Shoppe.
 54240 | Snake:2  | Found Tehuwa's Jewellery Shop.
 54250 | Snake:2  | Bought the ring "Ejodoha" {rPois rF+ rC+ Slay+3} for 948
                  | gold pieces
 54571 | Snake:2  | Noticed Aizul
 54577 | Snake:2  | Killed Aizul
 55826 | Snake:3  | Noticed Saint Roka
 56459 | Snake:3  | Identified the +0 robe of the Hippo {Str+4 Dex+2}
 57183 | Snake:3  | Noticed Bai Suzhen
 57304 | Snake:2  | Killed Bai Suzhen
 58177 | Snake:3  | Noticed Vashnia
 59278 | Snake:3  | Killed Vashnia
 59278 | Snake:3  | Reached XP level 18. HP: 56/112 MP: 12/36
 60031 | Elf:1    | Entered Level 1 of the Elven Halls
 60686 | Elf:1    | Found a roughly hewn altar of Beogh.
 62807 | Elf:2    | Reached skill level 1 in Summonings
 62953 | Elf:2    | Found a ruined gateway.
 62962 | Desolati | Entered the Desolation of Salt
 63288 | Desolati | Reached skill level 13 in Spellcasting
 63292 | Desolati | HP: 2/112 [crystal guardian/crystal bolt (64)]
 63617 | Desolati | Learned a level 7 spell: Orb of Destruction
 64063 | Desolati | Got a sparkling silver ring
 64071 | Desolati | Identified the ring of Morchuiv {rN+ MR+ AC+5 Int-3} (You
                  | found it in the Desolation of Salt)
 64080 | Desolati | Identified Olluwkig's Reference Book on the Frigorific
                  | Volcanoes
 64423 | Desolati | Identified the ring "Ofotrus" {Fire Dex+2}
 64997 | Desolati | Reached skill level 10 in Air Magic
 65005 | Desolati | Reached skill level 15 in Conjurations
 65158 | Desolati | Identified the Incunabulum of the Dark Escort
 65171 | Desolati | Got a transparent lapis lazuli ring
 65174 | Desolati | Identified the ring "Woejil" {MR++ Str+6} (You found it in
                  | the Desolation of Salt)
 65521 | Desolati | Got a faintly glowing pewter ring
 65522 | Desolati | Identified the ring "Lohiod" {+Blink rC- Str+2 Int+3
                  | Stlth+} (You found it in the Desolation of Salt)
 67826 | Elf:2    | Found a runed translucent gate.
 67826 | Elf:2    | Found a runed translucent gate.
 67828 | Elf:2    | Found a runed translucent gate.
 69271 | Snake:3  | Killed Saint Roka
 69271 | Snake:3  | Reached XP level 19. HP: 92/118 MP: 11/38
 69418 | Snake:4  | Entered Level 4 of the Snake Pit
 69718 | Snake:4  | Identified a scroll of acquirement
 70646 | Snake:4  | Reached skill level 14 in Spellcasting
 74235 | Snake:4  | Reached skill level 15 in Fire Magic
 74705 | Snake:4  | Got a serpentine rune of Zot
 75003 | Vaults:1 | Entered Level 1 of the Vaults
 75090 | Vaults:1 | Found Ydegin's Weapon Shop.
 75689 | Vaults:1 | Identified the +2 robe of a Labyrinth {rElec rC+}
 76021 | Vaults:1 | Learned a level 6 spell: Conjure Ball Lightning
 77135 | Vaults:1 | Found Doatwykh's Antique Armour Shop.
 77175 | Vaults:1 | Bought a shiny shield for 330 gold pieces
 77275 | Vaults:1 | Reached skill level 15 in Spellcasting
 78374 | Vaults:2 | Reached XP level 20. HP: 124/124 MP: 15/41
 79364 | Vaults:2 | Noticed an ancient lich
 79364 | Vaults:2 | Noticed an ancient lich
 79366 | Vaults:2 | Found a runed translucent gate.
 79366 | Vaults:2 | Found an ancient bone altar of Kikubaaqudgha.
 79366 | Vaults:2 | Noticed an ancient lich
 79366 | Vaults:2 | Noticed an ancient lich
 79367 | Vaults:2 | Found a runed translucent gate.
 79367 | Vaults:2 | Found a runed translucent gate.
 79367 | Vaults:2 | Noticed Muihips's ghost (adept SpFE)
 79686 | Vaults:2 | Noticed Boris
 79697 | Vaults:2 | Killed Boris
 80798 | Vaults:2 | You fall into a shaft and drop 2 floors!
 81195 | Vaults:4 | Learned a level 6 spell: Deflect Missiles
 81773 | Vaults:3 | Reached skill level 16 in Spellcasting
 82291 | Vaults:3 | Found a staircase to the Crypt.
 83915 | Vaults:3 | Reached XP level 21. HP: 91/132 MP: 23/43
 83966 | Vaults:3 | Reached skill level 15 in Air Magic
 86290 | Vaults:4 | Reached skill level 17 in Spellcasting
 86701 | Vaults:4 | Noticed Boris
 86707 | Vaults:4 | Killed Boris
 87854 | Depths:1 | Entered Level 1 of the Depths
 88808 | Depths:1 | Identified Onoih's Catalogue of Aid
 89194 | Depths:1 | Found a runed translucent gate.
 89194 | Depths:1 | Found a runed translucent gate.
 89194 | Depths:1 | Found a runed translucent gate.
 89682 | Depths:1 | Noticed TheNamelessOne's ghost (journeyman VSFi)
 90003 | Depths:1 | Found a gateway to Hell.
 90454 | Depths:1 | Killed TheNamelessOne's ghost
 90539 | Depths:1 | Reached XP level 22. HP: 138/138 MP: 35/45
 90582 | Depths:1 | Identified the +1 cloak of the Oligarchy {rElec Str-5
                  | Dex+4} (You found it on level 1 of the Depths)
 90584 | Depths:1 | Identified the +2 hat of Activism {rPois rF+} (You found it
                  | on level 1 of the Depths)
 90740 | Depths:2 | Noticed Margery
 91694 | Depths:2 | Killed Margery
 92211 | Depths:2 | Found a shattered altar of Ashenzari.
 92316 | Depths:2 | Reached skill level 18 in Spellcasting
 92375 | Depths:2 | Found a portal to a secret trove of treasure.
 93049 | Depths:2 | Reached skill level 15 in Fighting
 94247 | Depths:2 | Noticed Boris
 94256 | Depths:2 | Killed Boris
 95329 | Depths:3 | Found the +6 Majin-Bo {vamp, Archmagi MP+6 Int+6}
 95547 | Depths:3 | Found a one-way gate to the infinite horrors of the Abyss.
 95649 | Depths:2 | Noticed a golden dragon
 95662 | Depths:3 | Killed a golden dragon
 96459 | Depths:3 | Found a one-way gate leading to the halls of Pandemonium.
 97099 | Snake:2  | Bought the amulet of Vitality {Regen+ HP+15} for 1264 gold
                  | pieces
 97099 | Snake:2  | Found the amulet of Vitality {Regen+ HP+15}
 97099 | Snake:2  | Bought an uncursed ring of flight for 280 gold pieces
 97128 | Snake:2  | Bought a wand of digging (5) for 306 gold pieces
 97486 | Depths:4 | Noticed Louise
 98422 | Depths:4 | Found a gateway to a bazaar.
 98469 | Depths:4 | Reached XP level 23. HP: 102/144 MP: 36/47
 98944 | Depths:4 | Killed Louise
 99793 | Depths:5 | Entered Level 5 of the Depths
100078 | Depths:5 | Reached skill level 19 in Spellcasting
100184 | Depths:5 | Identified the +5 falchion "Ufuv" {drain, rC++ MR- Int+8
                  | SInv}
102516 | Depths:5 | Found a gate to the Realm of Zot.
102807 | Depths:5 | Found a gateway to a ziggurat.
103344 | Elf:2    | Learned a level 9 spell: Tornado
104410 | Elf:3    | Entered Level 3 of the Elven Halls
104437 | Elf:3    | Found Gywnuhica's Antique Armour Shoppe.
105693 | Elf:3    | Identified the +1 robe "Woacigum" {*Contam MP+9 Str+5
                  | Stlth+}
105708 | Elf:3    | Identified the +10 trident of Wyrd {speed, Int+2}
105719 | Elf:3    | Reached XP level 24. HP: 139/152 MP: 30/48
105883 | Elf:3    | Reached skill level 15 in Dodging
106031 | Elf:3    | Identified the cursed +3 long sword of Distraction {drain,
                  | rC+ Dex+3}
106031 | Elf:3    | Identified the +1 robe of Objectivity {-Tele +Inv rElec
                  | Regen+}
106031 | Elf:3    | Identified the +6 large shield of Tagop {rC+++ Str-2
                  | Stlth-}
106152 | Elf:3    | Identified the +6 long sword "Killer Klown's Foe" {freeze,
                  | MR+ Int+4 Stlth-}
106161 | Elf:3    | Identified Sif Muna's Collected Works on Ignition
106163 | Elf:3    | Identified Sif Muna's Catalogue of Helpful Heat
106178 | Elf:3    | Identified Qoufu's Handbook of Ensnaring Evil
106281 | Elf:3    | Identified the +5 arbalest "Wajasm" {elec, rN+} (You found
                  | it on level 3 of the Elven Halls)
106735 | D:10     | Killed Uluhu's ghost
107583 | Vaults:2 | Killed an ancient lich
107585 | Vaults:2 | Killed Muihips's ghost
107586 | Vaults:2 | Killed an ancient lich
107586 | Vaults:2 | Killed an ancient lich
107590 | Vaults:2 | Killed an ancient lich
107646 | Vaults:2 | Got a glittering steel ring
107647 | Vaults:2 | Identified the ring of the Suburbs {rCorr Int+2} (You found
                  | it on level 2 of the Vaults)
107654 | Vaults:2 | Got a spiked cloak
107665 | Vaults:2 | Identified the cursed +0 cloak of Subjectivity {Int+5} (You
                  | found it on level 2 of the Vaults)
107678 | Vaults:2 | Identified Ocujyts's Reference Book on the Dusty Traveller
107924 | Vaults:4 | Learned a level 3 spell: Regeneration
107927 | Vaults:5 | Entered Level 5 of the Vaults
107931 | Vaults:5 | Reached skill level 20 in Spellcasting
108185 | Vaults:4 | Learned a level 2 spell: Sublimation of Blood
108515 | Slime:1  | Entered Level 1 of the Pits of Slime
108583 | Slime:1  | Reached skill level 1 in Necromancy
109078 | Slime:5  | Entered Level 5 of the Pits of Slime
109246 | Slime:5  | Noticed the Royal Jelly
109252 | Slime:5  | Killed the Royal Jelly
109252 | Slime:5  | Reached skill level 10 in Armour
109252 | Slime:5  | Reached skill level 5 in Necromancy
109598 | Slime:4  | Reached XP level 25. HP: 157/157 MP: 19/49
110283 | Slime:5  | Got a slimy rune of Zot
110349 | Slime:5  | Identified Ypaneren's Handbook of Lucky Lightness
110431 | Slime:5  | Identified the cursed +1 ring mail "Murivee" {rPois MR+
                  | MP+9 Stlth+} (You found it on level 5 of the Pits of Slime)
110433 | Slime:5  | Identified the +5 chain mail of the Pink Corner {rN+ Int+3
                  | Stlth+} (You found it on level 5 of the Pits of Slime)
111284 | Vaults:5 | Identified the ring of the Failed Coup {rPois rF+ Stlth+}
111806 | Vaults:5 | Identified the ring "Xuegeykk" {+Inv Stlth-}
112633 | Vaults:5 | Noticed an ancient lich
112634 | Vaults:5 | Noticed an ancient lich
112641 | Vaults:5 | HP: 8/172 [disintegration (72)]
112647 | Vaults:5 | Killed an ancient lich
112995 | Vaults:5 | Killed an ancient lich
112995 | Vaults:5 | Reached skill level 21 in Spellcasting
113203 | Vaults:5 | Identified the +12 chain mail "Zonet" {-Cast rPois MR++}
114025 | Vaults:5 | Reached XP level 26. HP: 163/163 MP: 43/50
114665 | Vaults:5 | Got a silver rune of Zot
115058 | Vaults:5 | Identified the +3 war axe of Sin {vamp, rElec MR++ MP+9
                  | Dex-3}
115927 | Bazaar   | Entered a bazaar
115941 | Bazaar   | Found Ejirua's Gadget Shop.
115970 | Bazaar   | Found Kummiz's Gadget Shop.
116006 | Bazaar   | Found Tamohe's Distillery.
116032 | Bazaar   | Found Dannemoham's Distillery.
116058 | Bazaar   | Bought 2 potions of agility for 88 gold pieces
116082 | Bazaar   | Bought a potion of agility for 60 gold pieces
116082 | Bazaar   | Bought a potion of heal wounds for 75 gold pieces
116082 | Bazaar   | Bought a potion of haste for 150 gold pieces
116082 | Bazaar   | Bought a potion of magic for 120 gold pieces
116082 | Bazaar   | Bought a potion of magic for 120 gold pieces
116082 | Bazaar   | Bought a potion of agility for 60 gold pieces
116106 | Bazaar   | Bought a potion of haste for 110 gold pieces
116106 | Bazaar   | Bought a potion of berserk rage for 55 gold pieces
116106 | Bazaar   | Bought a potion of brilliance for 44 gold pieces
116106 | Bazaar   | Bought a potion of heal wounds for 55 gold pieces
116106 | Bazaar   | Bought a potion of haste for 110 gold pieces
116126 | Bazaar   | Bought a wand of acid (4) for 192 gold pieces
116126 | Bazaar   | Bought a phantom mirror for 360 gold pieces
116184 | Bazaar   | Bought a wand of acid (5) for 198 gold pieces
116184 | Bazaar   | Bought a wand of digging (4) for 176 gold pieces
116204 | Bazaar   | Bought a potion of curing for 45 gold pieces
116204 | Bazaar   | Bought a potion of curing for 45 gold pieces
116204 | Bazaar   | Bought a potion of curing for 45 gold pieces
116228 | Bazaar   | Bought a potion of might for 44 gold pieces
116228 | Bazaar   | Bought 2 potions of curing for 66 gold pieces
116291 | Depths:2 | You paid a toll of 9 potions of agility to enter a treasure
                  | trove
116292 | Trove    | Entered a treasure trove
116342 | Trove    | Got a translucent lead amulet
116344 | Trove    | Identified the amulet "Noitzuk" {Harm *Drain +Blink Str+6
                  | Dex-4} (You found it in a treasure trove)
116347 | Trove    | Got a crude ivory amulet
116348 | Trove    | Identified the amulet "Mukoikalyf" {Gourm MR+ Int+3} (You
                  | found it in a treasure trove)
116429 | Trove    | Reached XP level 27. HP: 168/168 MP: 50/50
116937 | Orc:2    | Bought a scroll of identify for 28 gold pieces
116937 | Orc:2    | Bought a scroll of summoning for 133 gold pieces
116937 | Orc:2    | Bought a scroll of identify for 28 gold pieces
116937 | Orc:2    | Bought a scroll of identify for 28 gold pieces
116937 | Orc:2    | Bought a scroll of enchant armour for 105 gold pieces
116937 | Orc:2    | Bought a scroll of remove curse for 42 gold pieces
116937 | Orc:2    | Bought a scroll of identify for 28 gold pieces
116937 | Orc:2    | Bought a scroll of identify for 28 gold pieces
116937 | Orc:2    | Bought a scroll of identify for 28 gold pieces
116937 | Orc:2    | Bought a scroll of summoning for 133 gold pieces
116937 | Orc:2    | Bought a scroll of remove curse for 42 gold pieces
116937 | Orc:2    | Bought 2 scrolls of identify for 56 gold pieces
116937 | Orc:2    | Bought a scroll of acquirement for 728 gold pieces
116974 | Orc:2    | Bought a book of Cantrips for 260 gold pieces
116974 | Orc:2    | Bought a book of Frost for 455 gold pieces
117630 | Crypt:1  | Entered Level 1 of the Crypt
117910 | Vaults:3 | Learned a level 4 spell: Airstrike
120462 | Crypt:2  | Reached skill level 10 in Necromancy
121896 | Crypt:3  | Entered Level 3 of the Crypt
121915 | Crypt:3  | Noticed Boris
123114 | Crypt:3  | Reached skill level 22 in Spellcasting
123623 | Crypt:3  | Killed Boris
123813 | Crypt:3  | Noticed an ancient lich
124115 | Crypt:3  | Found a staircase to the Tomb.
124293 | Crypt:3  | Killed an ancient lich
124332 | Crypt:3  | Identified the Guide on Displaced Bewitchment
124334 | Crypt:3  | Identified Qosoaka's Disquisition on Sinister Magic
124336 | Crypt:3  | Noticed an ancient lich
124343 | Crypt:3  | Killed an ancient lich
124346 | Crypt:3  | Got a serpentine lead ring
124347 | Crypt:3  | Identified the ring of Edares {rPois MP+9 Str+5} (You found
                  | it on level 3 of the Crypt)
124494 | Crypt:3  | Learned a level 8 spell: Chain Lightning
125047 | Zig:1    | Entered Level 1 of a ziggurat
125130 | Zig:2    | Entered Level 2 of a ziggurat
125152 | Zig:2    | Identified the +8 long sword "Vegic" {antimagic, rF+ rN+}
                  | (You found it on level 2 of a ziggurat)
125156 | Zig:3    | Entered Level 3 of a ziggurat
125256 | Zig:4    | Entered Level 4 of a ziggurat
125425 | Zig:5    | Entered Level 5 of a ziggurat
125463 | Zig:5    | Identified the Handbook of Circular Logic
125467 | Zig:5    | Identified the cursed +0 ice dragon scales of Jigsaw {-Cast
                  | rF- rC++ rN+ Str+4 Int+2} (You found it on level 5 of a
                  | ziggurat)
125477 | Zig:6    | Entered Level 6 of a ziggurat
125572 | Zig:6    | Identified Sif Muna's Guide on Quantum Transmigration
125593 | Zig:7    | Entered Level 7 of a ziggurat
125609 | Zig:7    | Found the +0 mask of the Dragon {MR+ Slay+3 SInv}
125701 | Zig:8    | Entered Level 8 of a ziggurat
125913 | Zig:8    | Got a wavering amethyst amulet
125914 | Zig:8    | Identified the amulet "Ewiepp" {RegenMP *Drain Str+5} (You
                  | found it on level 8 of a ziggurat)
125932 | Zig:9    | Entered Level 9 of a ziggurat
125942 | Zig:9    | Found the ring of the Octopus King
126022 | Zig:9    | Identified a ring of the Octopus King {rN+ AC+1 EV+1 Str+1
                  | Int+1 Dex+1} (You found it on level 9 of a ziggurat)
126149 | Zig:10   | Entered Level 10 of a ziggurat
126158 | Zig:10   | Noticed a juggernaut
126167 | Zig:10   | Killed a juggernaut
126167 | Zig:10   | Reached skill level 15 in Necromancy
126371 | Zig:10   | Reached skill level 23 in Spellcasting
126457 | Zot:1    | Entered Level 1 of the Realm of Zot
126476 | Zot:1    | HP: 9/187 [death cob (8)]
129758 | Zot:2    | Reached skill level 24 in Spellcasting
131500 | Zot:2    | Learned a level 1 spell: Summon Butterflies
134494 | Zot:3    | Identified the Guide on Floating Earth
136393 | Zot:5    | Entered Level 5 of the Realm of Zot
136778 | Zot:5    | Identified the +4 dragonskin cloak
136778 | Zot:5    | Noticed Tiamat
137125 | Zot:5    | Killed Tiamat
137710 | Zot:5    | Noticed an ancient lich
138014 | Zot:5    | Noticed an orb of fire
138017 | Zot:5    | Killed an ancient lich
138017 | Zot:5    | Gained mutation: You are frail. (-10% HP) [an orb of fire]
138029 | Zot:5    | Gained mutation: You are dopey. (Int -2) [an orb of fire]
138031 | Zot:5    | Gained mutation: You do not regenerate when monsters are
                  | visible. [an orb of fire]
138032 | Zot:5    | Noticed an ancient lich
138032 | Zot:5    | Noticed an orb of fire
138038 | Zot:5    | Noticed an orb of fire
138052 | Zot:5    | Gained mutation: You are weak. (Str -2) [an orb of fire]
138204 | Zot:4    | Lost mutation: You do not regenerate when monsters are
                  | visible. [potion of mutation]
138204 | Zot:4    | Lost mutation: You are frail. (-10% HP) [potion of
                  | mutation]
138204 | Zot:4    | Lost mutation: You are weak. (Str -2) [potion of mutation]
138204 | Zot:4    | Lost mutation: You are dopey. (Int -2) [potion of mutation]
138204 | Zot:4    | Gained mutation: You are agile. (Dex +2) [potion of
                  | mutation]
138204 | Zot:4    | Gained mutation: You can translocate small distances at
                  | will. [potion of mutation]
138204 | Zot:4    | Gained mutation: You have a pair of small antennae on your
                  | head. [potion of mutation]
138340 | Zot:5    | Noticed an orb of fire
138341 | Zot:5    | Gained mutation: Armour fits poorly on your strangely
                  | shaped body. [an orb of fire]
138709 | Zot:5    | Noticed an orb of fire
138716 | Zot:5    | Noticed an ancient lich
138762 | Zot:5    | Noticed an orb of fire
138969 | Zot:5    | Killed an ancient lich
138969 | Zot:5    | Gained mutation: You are frail. (-10% HP) [an orb of fire]
138971 | Zot:5    | Killed an orb of fire
139546 | Zot:5    | Killed an ancient lich
139547 | Zot:5    | Killed from afar by an orb of fire

Levels and vault maps discovered:
D:1:      dpeg_arrival_court, layout_basic
D:2:      layout_basic, nicolae_overflow_hidden_temple, old_standard_altar,
          amethyst_overflow_temple_binary, corexii_shack
D:3:      layout_loops_corners, vehumet_crystals, first_ration
D:4:      corexii_shantytown, layout_basic, cheibriados_altar_1,
          uniq_crazy_yiuf_cottage
D:5:      lemuel_castle_with_subvaults [lemuel_castle_interior_carwin_2],
          layout_basic
D:6:      cheibrodos_fzero, layout_loops_ring, gammafunk_temple_overflow_statue,
          marbit_many_paths, minmay_temple_entry_stoned_glass
D:7:      layout_cave_pools, lemuel_crystal_altar
D:8:      layout_basic, dpeg_oklobed_lair, grunt_ogre_cave, uniq_psyche,
          uniq_pikel, uniq_grum, uniq_prince_ribbit1
D:9:      layout_roguey, kb_rosetta
D:10:     layout_gridville, basic_altar, gammafunk_ghost_necromancy
D:11:     layout_gridville, orc_0_dummy, uniq_sonja
D:12:     layout_cave_pools, special_room [special_room_orc], feat_on_display
D:13:     layout_roguey [special_room_orc], david_vaults_1, dk_noncrumbling_2,
          fedhas_altar_1
D:14:     layout_basic, minmay_misc_feat_square,
          minmay_fractal_squares_gapless_7
D:15:     grunt_enter_depths_magical_seal, layout_irregular_city,
          gauntlet_entry_generic, minmay_misc_feat_nine_boxes, uniq_jorgrun
Lair:1:   minmay_lair_venomous_thicket, layout_small_grid, enter_volcano_4
Lair:2:   layout_regular_city
Lair:3:   layout_hall_layers
Lair:4:   layout_gridlike, nicolae_swamp_entry_splash_gauntlet,
          guppyfry_snake_entry_island, uniq_nergalle
Lair:5:   layout_regular_city, nicolae_slime_entry_slimehenge,
          minmay_lair_oklob_chamber, lemuel_fruit_fields, serial_bayou_shore_a,
          lemuel_fruit_fields
Lair:6:   cheibrodos_lair_end_hotspot, layout_layer_cave, special_room
          [special_room_jelly]
Swamp:1:  layout_basic_swamp, evilmike_swamp_ruin_house_5,
          infiniplex_staircase_pool_2
Swamp:2:  layout_basic_swamp, evilmike_swamp_ruin_house_2
Swamp:3:  layout_basic_swamp, evilmike_swamp_ruin_house_4, swamp_pool3
Swamp:4:  grunt_swamp_rune_castle, layout_basic_swamp
Snake:1:  nrook_guardian_serpent_snake_passage, layout_onion, serial_shops,
          nicolae_shop_trees, nicolae_snake_horde_hoard, lemuel_fruit_tree
Snake:2:  layout_onion_interference, minmay_shop_grove, uniq_aizul
Snake:3:  layout_grid_shapes, uniq_bai_suzhen, uniq_saint_roka, uniq_vashnia
Snake:4:  snake_pit, layout_cave_town
Slime:1:  layout_caves
Slime:2:  cheibrodos_slime_lost_civilization_3, layout_caves
Slime:3:  layout_caves
Slime:4:  layout_caves
Slime:5
Orc:1:    layout_caves, serial_shops, shop, uniq_fannar, uniq_erolcha
Orc:2:    kennysheep_orc_mage_school, layout_diamond_mine, basic_altar
Elf:1:    eino_elf_arrival_shootout, layout_geoelf_octagon, special_room
          [special_room_orc], evilmike_minifort
Elf:2:    layout_loops_cross, portal_desolation_entry_nicolae_nacl
Elf:3:    minmay_elf_hall_statues, layout_gridlike, serial_shops, shop,
          hangedman_decor_cross_pass
Vaults:1: nicolae_vaults_diagonal_hallway_9, hangedman_vaults_corner,
          hangedman_vaults_locks, v_pattern_2, ontoclasm_vaults_ligature,
          hangedman_vaults_stagger, v_misc_16, nicolae_vaults_mini_display_case,
          nicolae_vaults_network_quinsquares
          [nicolae_vaults_network_quincunx_subvault,
          nicolae_vaults_network_quincunx_subvault,
          nicolae_vaults_network_quincunx_subvault,
          nicolae_vaults_network_quincunx_subvault], hangedman_vaults_impose,
          vaults_dpeg_encased_lava, nicolae_vaults_angled_halls,
          layout_vaults_big_room, serial_shops, shop,
          nicolae_shop_temple_entry_statues_fountains
Vaults:2: gammafunk_vaults_ghost_crypt, nicolae_vaults_big_angled_halls,
          v_misc_9, v_misc_29, ontoclasm_vaults_decontamination,
          v_alt_pattern_4, v_rooms_2, vaults_dpeg_diagonal,
          nicolae_vaults_little_squares_4, dpeg_vaults_monster_box,
          layout_vaults_omnigrid, uniq_boris
Vaults:3: dpeg_vaults_waves, vaults_mumra_hex, ontoclasm_vaults_claustrophobia,
          vaults_mumra_minichess_inversion, vaults_mumra_lcd,
          minmay_crypt_entry_skeletal_spiral, nicolae_vaults_big_angled_halls,
          nicolae_vaults_network_quincunx
          [nicolae_vaults_network_quincunx_subvault,
          nicolae_vaults_network_quincunx_subvault,
          nicolae_vaults_network_quincunx_subvault,
          nicolae_vaults_network_quincunx_subvault,
          nicolae_vaults_network_quincunx_subvault], v_misc_27, v_misc_15,
          v_misc_30, vaults_room_door_hall, vaults_room_ringed_pool,
          layout_vaults_maze
Vaults:4: nicolae_vaults_yaktaur_gun_rack, vaults_mumra_bighexcomb,
          vaults_room_pool, nicolae_vaults_little_squares_4,
          nicolae_vaults_big_angled_halls, grunt_vaults_swirl,
          nicolae_vaults_alarming, vaults_room_semicircle,
          hangedman_vaults_slice, vaults_dpeg_cross, layout_vaults_ring
Vaults:5: serial_shops
Crypt:1:  layout_chaotic_city
Crypt:2:  layout_regular_city, serial_glass, glass_columns_a, glass_columns_c
Crypt:3:  david_glass_crypt, layout_misc_corridors
Depths:1: layout_forbidden_donut, hellmouth_1, gammafunk_ghost_tricky_traps,
          nrook_mini_backslash, st_stairs_10, kennysheep_generic_room_8
Depths:2: minmay_isolated_rectangles_in_corner, layout_cave_shapes,
          enter_trove_1, ashenzari_altar_1, grunt_metal_band,
          minmay_staircase_bubble
Depths:3: minmay_guarded_unrand_majin_bo, layout_cave_pools, abyss_entry,
          hangedman_geh_valley, pan_entry, grunt_decor_fettered, minivault_11
Depths:4: minmay_skeletal_surprise, layout_basic, pf_hell_entry_tar_river,
          nicolae_wwwww, serial_shops, bzr_entry_dummy,
          nicolae_abyss_entry_one_way_or_another
Depths:5: grunt_zot_entry_hairpin, layout_basic, enter_ziggurat_d,
          chequers_hall_statues_corner_a, hell_entry, pan_entry,
          serial_corexii_hall, corexii_hall_statues_x, chequers_hall_statues_y
Zot:1:    ebering_greatest_show_in_zot, layout_cathedral_of_symmetry
Zot:2:    layout_onion_interference, grunt_ministairs_15
Zot:3:    minmay_elemental_castle, layout_misc_corridors, st_stairs_4,
          st_small_dragon_hoard_4
Zot:4:    layout_misc_corridors
Zot:5:    layout_twisted_circle, uniq_tiamat

Skill      XL: |  1  2  3  4  5  6  7  8  9 10 11 12 13 14 15 16 17 18 19 20 21 22 23 24 25 26 27 |
---------------+----------------------------------------------------------------------------------+-----
Conjurations   | 2 3 4 5 7 9 10 12 13 14 15 | 15.1
Fire Magic     | 4 5 6 8 9 11 12 13 14 15 16 17 18 19 21 | 21.8
Dodging        | 3 4 6 7 8 9 11 12 14 15 22 | 22.1
Spellcasting   | 4 5 6 7 10 11 12 13 15 16 17 18 19 20 21 24 | 24.2
Fighting       | 2 3 5 7 8 9 10 11 12 13 14 15 16 19 | 19.7
Earth Magic    | 5 |  5.0
Short Blades   | 3 6 |  6.8
Air Magic      | 3 6 8 10 13 14 16 18 19 20 22 23 | 23.9
Staves         | 2 6 10 13 14 | 14.0
Armour         | 1 5 7 8 10 13 | 13.9
Summonings     | 2 |  2.0
Necromancy     | 6 7 15 | 15.6
Stealth        | |  2.4

Action                   |  1- 3 |  4- 6 |  7- 9 | 10-12 | 13-15 | 16-18 | 19-21 | 22-24 | 25-27 || total
-------------------------+-------+-------+-------+-------+-------+-------+-------+-------+-------++-------
Melee: Spear             |     1 |       |    35 |       |       |       |       |       |       ||    36
       Trident           |       |       |    22 |    22 |       |       |       |       |       ||    44
       Staff             |       |       |       |     1 |    12 |    47 |       |     1 |     6 ||    67
       Dagger            |       |       |       |       |    15 |       |       |       |       ||    15
       Lajatang          |       |       |       |       |    50 |   367 |   256 |    85 |   119 ||   877
Throw: Stone             |       |       |       |       |       |     1 |     1 |       |       ||     2
 Cast: Flame Tongue      |    25 |    18 |   112 |   151 |   111 |   131 |    42 |       |    12 ||   602
       Throw Flame       |    48 |    77 |   188 |   268 |   121 |   235 |    83 |     3 |       ||  1023
       Conjure Flame     |       |     3 |     7 |     9 |     1 |     3 |    14 |     4 |     6 ||    47
       Sticky Flame      |       |     1 |    22 |    42 |    65 |    92 |    48 |    30 |    44 ||   344
       Fireball          |       |       |    11 |    72 |   420 |   328 |   545 |   406 |   301 ||  2083
       Sandblast         |       |       |    11 |    42 |    72 |    64 |     8 |     7 |       ||   204
       Iskenderun's Myst |       |       |       |    14 |    19 |       |       |       |       ||    33
       Bolt of Fire      |       |       |       |       |    20 |    39 |    46 |    37 |   293 ||   435
       Blink             |       |       |       |       |    11 |     7 |     4 |    17 |    24 ||    63
       Mephitic Cloud    |       |       |       |       |     7 |     5 |       |     1 |       ||    13
       Summon Lightning  |       |       |       |       |    17 |    51 |    18 |     1 |    28 ||   115
       Lightning Bolt    |       |       |       |       |    18 |    38 |    12 |       |       ||    68
       Orb of Destructio |       |       |       |       |       |    32 |    19 |   106 |   286 ||   443
       Conjure Ball Ligh |       |       |       |       |       |       |    51 |    47 |    31 ||   129
       Deflect Missiles  |       |       |       |       |       |       |     3 |     2 |     3 ||     8
       Tornado           |       |       |       |       |       |       |       |    20 |    40 ||    60
       Regeneration      |       |       |       |       |       |       |       |     6 |    19 ||    25
       Sublimation of Bl |       |       |       |       |       |       |       |       |    80 ||    80
       Chain Lightning   |       |       |       |       |       |       |       |       |   243 ||   243
       Airstrike         |       |       |       |       |       |       |       |       |     9 ||     9
       Summon Butterflie |       |       |       |       |       |       |       |       |     3 ||     3
 Abil: Evoke Invisibilit |       |       |       |       |       |     1 |       |       |       ||     1
       Evoke Flight      |       |       |       |       |       |       |       |       |     2 ||     2
       Blink             |       |       |       |       |       |       |       |       |     1 ||     1
Evoke: Wand              |       |       |       |     6 |       |     1 |       |     5 |     8 ||    20
       Phantom mirror    |       |       |       |       |       |     2 |       |       |       ||     2
  Use: Scroll            |     4 |       |     3 |    22 |    14 |    13 |    10 |    18 |    59 ||   143
       Potion            |       |       |       |     7 |     4 |     9 |       |     7 |    37 ||    64
 Stab: Distracted        |       |       |       |       |       |     4 |     5 |       |     1 ||    10
       Confused          |       |       |       |       |       |     1 |       |       |       ||     1
       Sleeping          |       |       |       |       |       |     1 |       |       |       ||     1
       Invisible         |       |       |       |       |       |       |       |       |     1 ||     1
  Eat: Chunk             |     9 |    10 |    19 |    33 |    56 |    29 |    36 |    32 |    28 ||   252
       Ration            |       |       |     2 |     8 |    16 |    18 |    11 |    12 |    20 ||    87
Armor: Robe              |     5 |       |    15 |    22 |    12 |     1 |    16 |    55 |   271 ||   397
       Steam dragon scal |       |       |       |       |    42 |   111 |    23 |       |       ||   176
       Swamp dragon scal |       |       |       |       |       |    63 |       |       |       ||    63
       Leather armour    |       |       |       |       |       |     5 |       |       |       ||     5
       Fire dragon scale |       |       |       |       |       |       |       |       |   199 ||   199
Dodge: Dodged            |    17 |     4 |    55 |   120 |   344 |   812 |   464 |   360 |   639 ||  2815
       Deflected         |       |       |       |       |       |       |    21 |    58 |    60 ||   139
